 Dungeon Crawl Stone Soup version 0.31-a0-214-gb37851dbb3 (webtiles) character file.

Game seed: 3591048229792302307

217 qw the Shooter (level 5, -3/49 HPs)
             Began as a Minotaur Hexslinger on July 1, 2023.
             Slain by an orc priest
             ... wielding a +0 hand axe
              (6 damage)
             ... on level 4 of the Dungeon.
             The game lasted 00:01:11 (3000 turns).

qw the Shooter (Minotaur Hexslinger)                Turns: 3000, Time: 00:01:12

Health: -3/49      AC:  4    Str: 15    XL:     5   Next: 62%
Magic:  5/5        EV: 12    Int: 13    God:
Gold:   135        SH:  0    Dex: 13    Spells: 5/6 levels left

rFire   + + .        Y - +1 sling
rCold   . . .        (no shield)
rNeg    . . .        k - +2 robe {rF+}
rPois   .            (helmet restricted)
rElec   .            (no cloak)
rCorr   .            (no gloves)
SInv    .            (no boots)
Will    .....        (no amulet)
Stlth   +            (no ring)
HPRegen 0.28/turn    (no ring)
MPRegen 0.09/turn

%: no passive effects
@: about to teleport
A: horns 2, retaliatory headbutt, clever 1, fire resistance 1, robust 1, strong
1, evolution 1
a: no special abilities


You were on level 4 of the Dungeon.
You visited 1 branch of the dungeon, and saw 4 of its levels.

You collected 135 gold pieces.


Innate Abilities, Weirdness & Mutations

You have a pair of horns on your head.
You reflexively headbutt those who attack you in melee.
Your mind is acute. (Int +4, Str/Dex -1)
Your flesh is heat resistant. (rF+)
You are robust. (+10% HP)
Your muscles are strong. (Str +4, Int/Dex -1)
You have hidden genetic potential.


   Skills:
 + Level 3.0 Fighting
 - Level 6.0 Ranged Weapons
 - Level 2.1 Dodging
 - Level 1.0 Spellcasting
 - Level 2.0 Hexes


You had 5 spell levels left.
You knew the following spells:

 Your Spells              Type           Power      Damage    Failure   Level
a - Slow                  Hex            20%        N/A       12%         1

Your spell library contained the following spells:

 Spells                   Type           Power      Damage    Failure   Level
 Inner Flame              Hex/Fire       3%         N/A       50%         3
 Portal Projectile        Hex/Tloc       6%         N/A       50%         3
 Cause Fear               Hex            2%         N/A       77%         4

Inventory:

Hand Weapons
 Y - a +1 sling (weapon)
Armour
 k - a +2 robe of fire resistance (worn)
Scrolls
 b - 3 scrolls of identify
 i - a scroll of teleportation
Potions
 a - a potion of might
 c - a potion of curing {unknown}
 e - a potion of heal wounds {unknown}
 g - a potion of attraction {unknown}
 j - a potion of haste

Dungeon Overview and Level Annotations

Branches:
Dungeon (4/15)
 Temple: D:4-7

Altars:
Elyvilon
Uskayaw


Message History

The orc priest calls down the wrath of Beogh upon you.
Beogh smites you!
You shoot a sling bullet.
The sling bullet closely misses the orc priest.
The sling bullet hits the orc but does no damage.
You shoot a sling bullet.
The sling bullet closely misses the orc priest.
The orc priest mumbles some strange prayers to Beogh against you.
Pain shoots through your body! The orc barely misses you.
You shoot a sling bullet. The sling bullet hits the orc priest.
The orc priest is moderately wounded.
The orc priest hits you with a +0 hand axe.
The orc hits you with a +0 club.
You shoot a sling bullet.
The sling bullet closely misses the orc priest.
The orc priest casts a cantrip, but nothing happens.
The orc hits you but does no damage.
You shoot a sling bullet. The sling bullet hits the orc priest.
The orc priest is moderately wounded.
The orc priest invokes the aid of Beogh against you.
Pain shoots through your body! The orc barely misses you.
The orc hits you but does no damage.
2998 ||| READING 2 scrolls of teleportation.
As you read the scroll of teleportation, it crumbles to dust.
You feel strangely unstable. The orc hits you with a +0 club.
The orc priest hits you with a +0 hand axe.
The orc hits you with a +0 short sword.
You shoot a sling bullet.
The sling bullet hits the orc priest but does no damage.
The orc priest is moderately wounded.
The orc barely misses you. You furiously retaliate!
You headbutt the orc.
The orc wizard casts a spell.
The orc wizard flickers and vanishes!
Deactivating autopickup; reactivate with Ctrl-A.
The orc priest closely misses you. The orc hits you but does no damage.
You shoot a sling bullet. The sling bullet hits the orc priest.
The orc priest is heavily wounded.
The orc priest hits you with a +0 hand axe.
You die...

#..#..#..#..#..#...#
...................###
##################...#
............#
............#
............#
............#
......oo....#
......)@....#
....o.#o.####
.?...#.#.# ..........
.....#.##+# .......
.....#. ...... ..


You could see an orc priest and 3 orcs.

Vanquished Creatures
  A howler monkey (D:3)
  A hound (D:4)
  5 adders
  4 worms
  4 dart slugs
  5 orcs
  6 ball pythons
  7 endoplasms
  3 giant cockroaches
  10 hobgoblins
  6 jackals
  A quokka (D:1)
  4 frilled lizards
  6 goblins
  9 kobolds
  7 rats
79 creatures vanquished.

Notes
Turn   | Place    | Note
-------+----------+-------------------------------------------
     0 | D:1      | qw the Minotaur Hexslinger began the quest for the Orb.
     0 | D:1      | Reached XP level 1. HP: 16/16 MP: 1/1
     0 | D:1      | 0 ||| qw: Version: 0.3-a-32-g5962c71
     0 | D:1      | 0 ||| qw: Game counter: 7640
     0 | D:1      | 0 ||| qw: Melee chars always use a shield: true
     0 | D:1      | 0 ||| qw: God list: Okawaru
     0 | D:1      | 0 ||| qw: Allow faded altars: false
     0 | D:1      | 0 ||| qw: Do Orc after clearing Dungeon:15 true
     0 | D:1      | 0 ||| qw: Do second Lair branch before Depths: true
     0 | D:1      | 0 ||| qw: Lair rune preference: random
     0 | D:1      | 0 ||| qw: Goals: Normal
     0 | D:1      | 0 ||| PLANNING D:1-11
    84 | D:1      | Reached skill level 3 in Ranged Weapons
    93 | D:1      | Reached XP level 2. HP: 12/23 MP: 2/2
   195 | D:1      | 195 ||| FLEEEEING.
   198 | D:1      | 198 ||| FLEEEEING.
   199 | D:1      | 199 ||| FLEEEEING.
   200 | D:1      | 200 ||| FLEEEEING.
   272 | D:1      | 272 ||| READING scroll labelled ZAMY ACLEZOR.
   273 | D:1      | 273 ||| FLEEEEING.
   274 | D:1      | 274 ||| FLEEEEING.
   275 | D:1      | 275 ||| FLEEEEING.
   367 | D:1      | 367 ||| READING scroll labelled NEOTWUCH UKUITZ.
   368 | D:1      | 368 ||| DROPPING scroll of poison.
   549 | D:1      | Reached XP level 3. HP: 27/29 MP: 3/3
   906 | D:1      | Found a faded altar of an unknown god.
  1059 | D:2      | 1059 ||| STAIRDANCE
  1065 | D:1      | Reached skill level 4 in Ranged Weapons
  1286 | D:2      | HP: 7/29 [adder (4)]
  1287 | D:2      | 1287 ||| READING scroll of teleportation.
  1290 | D:2      | Reached XP level 4. HP: 8/36 MP: 4/4
  1656 | D:2      | 1656 ||| UPGRADING to +0 leather armour.
  1666 | D:2      | 1666 ||| DROPPING +0 robe.
  1667 | D:2      | 1667 ||| UPGRADING to +0 ring mail.
  1677 | D:2      | 1677 ||| DROPPING +0 leather armour.
  1678 | D:2      | 1678 ||| UPGRADING to +2 robe of fire resistance.
  1688 | D:2      | 1688 ||| DROPPING +0 ring mail.
  1689 | D:2      | 1689 ||| READING scroll labelled JOIZEG EMOM.
  1690 | D:2      | 1690 ||| READING scroll labelled ZICSIZITAR.
  1691 | D:2      | 1691 ||| DRINKING 2 brown potions.
  1691 | D:2      | Gained mutation: You are frail. (-10% HP) [potion of
                  | mutation]
  1691 | D:2      | Gained mutation: You are clumsy. (Dex -2) [potion of
                  | mutation]
  1691 | D:2      | Gained mutation: Your muscles are strong. (Str +4, Int/Dex
                  | -1) [potion of mutation]
  1692 | D:2      | 1692 ||| DRINKING potion of mutation.
  1692 | D:2      | Lost mutation: You are clumsy. (Dex -2) [potion of
                  | mutation]
  1692 | D:2      | Lost mutation: You are frail. (-10% HP) [potion of
                  | mutation]
  1692 | D:2      | Gained mutation: You are robust. (+10% HP) [potion of
                  | mutation]
  1692 | D:2      | Gained mutation: You have hidden genetic potential. [potion
                  | of mutation]
  1692 | D:2      | Gained mutation: Your flesh is heat resistant. (rF+)
                  | [potion of mutation]
  1718 | D:2      | 1718 ||| DRINKING 2 inky potions.
  1781 | D:3      | Reached skill level 5 in Ranged Weapons
  1801 | D:3      | 1801 ||| FLEEEEING.
  1844 | D:3      | 1844 ||| FLEEEEING.
  1866 | D:3      | Reached XP level 5. HP: 45/45 MP: 5/5
  2330 | D:3      | Found a white marble altar of Elyvilon.
  2355 | D:3      | Reached skill level 3 in Fighting
  2370 | D:3      | Gained mutation: Your mind is acute. (Int +4, Str/Dex -1)
                  | [hidden potential]
  2407 | D:3      | Found a hide-covered altar of Uskayaw.
  2731 | D:3      | 2731 ||| DRINKING 2 pink potions.
  2950 | D:4      | Reached skill level 6 in Ranged Weapons
  2997 | D:4      | HP: 10/49 [orc priest/nerve-wracking pain (9)]
  2998 | D:4      | 2998 ||| READING 2 scrolls of teleportation.
  2998 | D:4      | HP: 4/49 [orc priest/+0 hand axe (2)]
  3000 | D:4      | Slain by an orc priest

Levels and vault maps discovered:
D:1:      nzn_arrival_depleted_hourglass, layout_basic, serial_co_window_serial,
          co_window_paths_a, co_window_paths_a, co_window_paths_b,
          co_window_of_opportunity_a, co_window_of_opportunity_a,
          co_window_cross_3, co_window_broadway_a, co_window_2corner,
          co_window_corner_ca, co_window_4corner_a, glass_columns_b,
          glass_columns_a, glass_columns_b, basic_ecumenical_altar,
          lexackson_kobold_supper
D:2:      layout_rooms
D:3:      layout_loops_corners, mainiacjoe_overflow_catch_the_wave
D:4:      layout_gridville, minmay_temple_entry_nine_rooms,
          minmay_misc_feat_doors, kennysheep_donut, chequers_big_river,
          hangedman_decor_clover_reticule, columned_hall_lemuel,
          minmay_misc_feat_columns, nicolae_shop_fire_sale
          [nicolae_sub_dead_trees]

Skill      XL: |  1  2  3  4  5 |
---------------+----------------+-----
Ranged Weapons | 3 4 5 6 |  6.0
Fighting       | 2 3 |  3.0
Dodging        | |  2.1
Spellcasting   | |  1.0
Hexes          | |  2.0

Action                     |  1- 3 |  4- 6 || total
---------------------------+-------+-------++-------
   Fire: Sling             |   142 |   133 ||   275
    Use: Scroll            |     3 |     3 ||     6
         Potion            |       |     4 ||     4
 Armour: Robe              |    10 |    15 ||    25
  Dodge: Dodged            |    24 |    37 ||    61

Table legend:
 A = Non-vault XP
 B = Vault XP
 C = Vault XP percentage of total XP
 D = Non-vault monster count
 E = Vault monster count
 F = Vault count percentage of total count
                 A         B        C        D         E       F
            +---------+---------+-------+---------+---------+-------
      Total |     303 |       8 |   2.6 |      72 |       7 |   8.9
            +---------+---------+-------+---------+---------+-------
        D:1 |      54 |       8 |  12.9 |      26 |       7 |  21.2
        D:2 |      66 |       0 |   0.0 |      22 |       0 |   0.0
        D:3 |     123 |       0 |   0.0 |      17 |       0 |   0.0
        D:4 |      60 |       0 |   0.0 |       7 |       0 |   0.0
            +---------+---------+-------+---------+---------+-------
